 Dungeon Crawl Stone Soup version 0.17.0-28-g6e173f8 (webtiles) character file.

9130 R18 the Markscentaur (level 11, -4/79 HPs)
             Began as a Centaur Hunter on Nov 30, 2015.
             Was a Believer of Dithmenos (penitent).
             Slain by R18's ghost (8 damage)
             ... on level 9 of the Dungeon.
             The game lasted 00:30:33 (12093 turns).

R18 the Markscentaur (Centaur Hunter)              Turns: 12093, Time: 00:30:33

Health: -4/79      AC: 16    Str: 12 (15) XL:     11   Next: 19%
Magic:  16/16      EV:  7    Int:  9 (10) God:    Dithmenos [*]
Gold:   394        SH:  0    Dex: 12 (13) Spells: 0 memorised, 10 levels left

rFire  . . .     SeeInvis +     b - +0 battleaxe
rCold  . . .     Clarity  .     s - +2 robe
rNeg   . . .     SustAt   .     (shield currently unavailable)
rPois  .         Gourm    .     z - +2 hat
rElec  .         Spirit   .     N - +0 cloak
rCorr  .         Warding  .     u - +2 pair of gloves
rMut   .         Stasis   .     i - +0 centaur barding (curse)
MR     .....                    (no amulet)
Stlth  +.........               g - ring of wizardry
                                J - ring of see invisible

@: very slightly contaminated, drained, very quick, not resistant to hostile
enchantments, very unstealthy
A: hooves 3, deformed body, deterioration 1, speed 2, tough skin 3, no device
heal 1
a: Renounce Religion


You were on level 9 of the Dungeon.
You worshipped Dithmenos.
Dithmenos was demanding penance.
You were near starving.

You visited 2 branches of the dungeon, and saw 10 of its levels.

You collected 394 gold pieces.

Inventory:

Hand Weapons
 a - a +2 shortbow
 b - a +0 battleaxe (weapon)
 h - a +0 dagger of distortion
 x - a +0 short sword
 H - a +0 falchion
Armour
 i - a cursed +0 centaur barding (worn)
 s - a +2 robe (worn)
 u - a +2 pair of gloves (worn)
 z - a +2 hat (worn)
 N - a +0 cloak (worn)
Rods
 S - a +1 rod of ignition (1/12)
   (You found it on level 9 of the Dungeon)
Jewellery
 g - a ring of wizardry (right hand)
 q - an uncursed ring of wizardry
 J - a ring of see invisible (left hand)
Wands
 c - a wand of flame (28)
 w - a wand of disintegration (5)
 B - a wand of polymorph (6)
 D - a wand of fire (6)
 G - a wand of slowing (20)
 K - a wand of frost (17)
 O - a wand of slowing (28)
Scrolls
 f - a scroll of enchant weapon
 j - 9 scrolls of remove curse
 m - a scroll of identify
 o - a scroll of enchant armour
 y - a scroll of recharging
Potions
 d - 2 potions of degeneration
 k - 2 potions of heal wounds
 r - a potion of brilliance
 v - a potion of cancellation
 A - 2 potions of ambrosia
 C - a potion of resistance
 P - 2 potions of haste
Books
 n - a book of Flames

   Spells                             Type                      Level
   a - Flame Tongue                   Conjuration/Fire             1
   b - Throw Flame                    Conjuration/Fire             2
   c - Conjure Flame                  Conjuration/Fire             3
   d - Inner Flame                    Hexes/Fire                   3
   e - Sticky Flame                   Conjuration/Fire             4
   f - Fireball                       Conjuration/Fire             5
   Dithmenos disapproves of the use of such an item.
 E - a Necronomicon

   Spells                             Type                      Level
   a - Haunt                          Necromancy/Summoning         7
   b - Borgnjor's Revivification      Necromancy                   8
   c - Death's Door                   Charms/Necromancy            8
   d - Necromutation                  Transmutation/Necromancy     8
 I - a Fen Folio

   Spells                             Type                      Level
   a - Corpse Rot                     Necromancy                   2
   b - Stone Arrow                    Conjuration/Earth            3
   c - Leda's Liquefaction            Hexes/Earth                  4
   d - Summon Forest                  Summoning/Translocation      5
   e - Hydra Form                     Transmutation                6
   f - Summon Hydra                   Summoning                    7
 M - a book of Conjurations

   Spells                             Type                      Level
   a - Magic Dart                     Conjuration                  1
   b - Searing Ray                    Conjuration                  2
   c - Dazzling Spray                 Conjuration/Hexes            3
   d - Fulminant Prism                Conjuration/Hexes            4
   e - Iskenderun's Mystic Blast      Conjuration                  4
   f - Iskenderun's Battlesphere      Conjuration/Charms           5
Comestibles
 e - 3 bread rations
 p - 5 meat rations
 t - 8 fruits


   Skills:
 - Level 2.0(1.8) Fighting
 * Level 6.6(6.4) Axes
 - Level 19.3(19.0) Bows
 - Level 1.3(1.2) Dodging
 - Level 0.5(0.3) Stealth
 + Level 7.0(6.7) Invocations


You had 10 spell levels left.
You didn't know any spells.

Dungeon Overview and Level Annotations

Branches:
Dungeon (9/15)             Temple (1/1) D:6            Lair (0/8) D:9
    Orc: D:9-12

Altars:
Ashenzari
Cheibriados
Dithmenos
Elyvilon
Fedhas
Gozag
Kikubaaqudgha
Makhleb
Nemelex Xobeh
Okawaru
Qazlal
Ru
Sif Muna
Trog
Vehumet
Xom
Yredelemnul
Zin
The Shining One

Annotations:
D:9 R18's ghost, journeyman HaFi


Innate Abilities, Weirdness & Mutations

You have hooves in place of feet.
Armour fits poorly on your strangely shaped body.
You cover ground very quickly.
You have extremely tough skin (AC +3).
Your body sometimes deteriorates upon taking damage.
Potions and wands are less effective at restoring your health.


Message History

R18's ghost hits you.
* * * LOW HITPOINT WARNING * * *
You hit R18's ghost but do no damage. You kick R18's ghost, but do no damage.
R18's ghost is severely damaged.
R18's ghost hits you.
* * * LOW HITPOINT WARNING * * *
R18's ghost hits you!
* * * LOW HITPOINT WARNING * * *
You hit R18's ghost. Your kick misses R18's ghost.
R18's ghost is almost destroyed.
R18's ghost closely misses you.
You barely miss R18's ghost.
R18's ghost is almost destroyed.
R18's ghost hits you but does no damage.
You hit R18's ghost but do no damage. You kick R18's ghost, but do no damage.
R18's ghost is almost destroyed.
R18's ghost hits you.
* * * LOW HITPOINT WARNING * * *
R18's ghost hits you!
You die...

........# #(# #########
#(# #.# #.## #..# ##.# ##
#########.###
.############...........#
.()(.([((......(@.......#
#############...W.......#
#...........#
#...........#
#...........#
###.######### #...)..#
########.####
#.#...#.....#


You could see R18's ghost.

Vanquished Creatures
  An unseen horror (D:9)
  Pikel (D:6)
  The ghost of Musteatbrain the Cleaver, a novice MiFi of Okawaru (D:6)
  Joseph (D:9)
  Psyche (D:8)
  A troll (D:9)
  A two-headed ogre (D:9)
  4 slime creatures (D:9)
  Sigmund (D:6)
  2 wolves
  Edmund (D:5)
  A water moccasin (D:6)
  2 sky beasts
  4 phantoms
  8 ogres
  An ice beast (D:7)
  3 orc warriors
  A wasp (D:9)
  A centaur (D:5)
  Blork the orc (D:3)
  6 giant frogs
  2 big kobolds
  2 scorpions
  3 electric eels (D:9)
  3 killer bees
  10 wights
  3 crimson imps
  3 orc priests
  A centaur zombie (D:5)
  8 hounds
  2 jellies
  2 centaur skeletons
  A giant frog skeleton (D:4)
  4 iguanas
  Jessica (D:3)
  6 orc wizards
  6 worker ants
  A hound zombie (D:6)
  A hound skeleton (D:4)
  10 adders
  A shadow imp (D:5)
  A worker ant zombie (D:7)
  11 gnolls
  An ooze (D:2)
  5 worms
  5 giant geckos
  19 orcs
  8 bats
  8 giant cockroaches
  6 hobgoblins
  3 jackals (D:6)
  16 kobolds
  A ball python (D:4)
  8 giant newts
  5 goblins
  A jackal skeleton (D:6)
  A jackal zombie (D:5)
  2 quokkas
  A quokka zombie (D:5)
  8 rats
223 creatures vanquished.

Vanquished Creatures (others)
  A sky beast (D:9)
  A centaur skeleton (D:6)
  A hound skeleton (D:6)
  A quokka (D:8)
  4 toadstools (D:1)
8 creatures vanquished.

Grand Total: 231 creatures vanquished

Notes
Turn   | Place    | Note
--------------------------------------------------------------
     0 | D:1      | R18 the Centaur Hunter began the quest for the Orb.
     0 | D:1      | Reached XP level 1. HP: 17/17 MP: 1/1
   207 | D:1      | Reached XP level 2. HP: 24/24 MP: 2/2
   405 | D:1      | Reached skill level 6 in Bows
   875 | D:2      | Found a glowing golden altar of the Shining One.
   986 | D:2      | Reached XP level 3. HP: 26/29 MP: 3/3
  1311 | D:2      | Reached skill level 7 in Bows
  1549 | D:2      | Reached XP level 4. HP: 27/36 MP: 4/4
  2230 | D:3      | Found a faded altar to an unknown god.
  2321 | D:3      | Noticed Jessica
  2323 | D:3      | Reached skill level 8 in Bows
  2327 | D:3      | Killed Jessica
  2777 | D:2      | Reached XP level 5. HP: 34/41 MP: 5/5
  3174 | D:4      | Reached skill level 9 in Bows
  3367 | D:4      | Found a sacrificial altar of Ru.
  3388 | D:4      | Reached XP level 6. HP: 11/48 MP: 6/6
  3501 | D:4      | Noticed Blork the orc
  3965 | D:3      | Killed Blork the orc
  3965 | D:3      | Reached skill level 10 in Bows
  4051 | D:4      | Found a burning altar of Makhleb.
  4236 | D:4      | Found a bloodstained altar of Trog.
  5192 | D:5      | Entered Level 5 of the Dungeon
  5205 | D:5      | Reached XP level 7. HP: 26/55 MP: 7/7
  5493 | D:5      | Reached skill level 11 in Bows
  5523 | D:5      | Noticed Edmund
  5572 | D:5      | Reached skill level 18 in Bows
  5572 | D:5      | Reached XP level 8. HP: 47/61 MP: 8/8
  5575 | D:5      | Killed Edmund
  6257 | D:5      | Found a snail-covered altar of Cheibriados.
  6339 | D:6      | Found a shadowy altar of Dithmenos.
  6367 | D:6      | Found a staircase to the Ecumenical Temple.
  6377 | D:6      | Found an ancient bone altar of Kikubaaqudgha.
  6379 | Temple   | Entered the Ecumenical Temple
  6435 | Temple   | Became a worshipper of Dithmenos the Shadowed
  6484 | D:6      | Noticed Musteatbrain's ghost (novice MiFi)
  6549 | D:6      | Killed Musteatbrain's ghost
  6549 | D:6      | Reached XP level 9. HP: 52/67 MP: 9/9
  6629 | D:6      | Reached skill level 19 in Bows
  6677 | D:6      | Noticed Sigmund
  6700 | D:6      | Gained mutation: Your body sometimes deteriorates upon taking damage. [potion of mutation]
  6700 | D:6      | Gained mutation: Potions and wands are less effective at restoring your health. [potion of mutation]
  6716 | D:6      | Killed Sigmund
  6716 | D:6      | Reached skill level 1 in Invocations
  7058 | D:6      | Noticed Pikel
  7079 | D:6      | Killed Pikel
  7476 | D:6      | Reached skill level 1 in Axes
  7647 | D:7      | Reached * piety under Dithmenos
  7787 | D:7      | Reached XP level 10. HP: 43/73 MP: 13/13
  7904 | D:7      | Found a deep blue altar of Sif Muna.
  8556 | D:8      | Noticed Psyche
  8571 | D:8      | Killed Psyche
  8756 | D:8      | Found a white marble altar of Elyvilon.
  9015 | D:8      | Reached skill level 5 in Invocations
  9055 | D:8      | Reached ** piety under Dithmenos
  9392 | D:8      | Found an opulent altar of Gozag.
  9393 | D:8      | Found a sparkling altar of Nemelex Xobeh.
  9567 | D:9      | Noticed Joseph
 10181 | D:9      | Reached skill level 5 in Axes
 10282 | D:9      | Killed Joseph
 10629 | D:9      | Noticed an unseen horror
 10904 | D:9      | Noticed R18's ghost (journeyman HaFi)
 10948 | D:9      | Reached XP level 11. HP: 69/79 MP: 15/15
 11523 | D:9      | Found a staircase to the Lair.
 11564 | D:9      | Killed an unseen horror
 11940 | D:9      | Paralysed by a wasp for 1 turns
 11992 | D:9      | Noticed an angel
 11993 | D:9      | Found a shimmering altar of Xom.
 11994 | D:9      | Found a glowing silver altar of Zin.
 12062 | D:9      | Identified a +1 rod of ignition (12/12) (You found it on level 9 of the Dungeon)
 12063 | D:9      | Was placed under penance by Dithmenos
 12093 | D:9      | Slain by R18's ghost

Action                   |  1- 3 |  4- 6 |  7- 9 | 10-12 || total
-------------------------+-------+-------+-------+-------++-------
Melee: Short sword       |    78 |    69 |       |       ||   147
       Falchion          |       |    66 |     2 |       ||    68
       Battleaxe         |       |       |   105 |   374 ||   479
       Unarmed           |       |       |    11 |       ||    11
 Fire: Shortbow          |    44 |   137 |   266 |   190 ||   637
Evoke: Wand              |       |       |       |    15 ||    15
       Rod               |       |       |       |     2 ||     2
  Use: Scroll            |       |     7 |       |     9 ||    16
       Potion            |       |     1 |     8 |     4 ||    13
  Eat: Chunk             |     1 |     7 |     5 |    10 ||    23
       Pizza             |       |     2 |       |       ||     2
       Beef jerky        |       |       |     1 |       ||     1
       Royal jelly       |       |       |       |     1 ||     1
